cohdb
Replays
Latest Replays
All Replays
Popular Replays
Top Player Replays
Match Explorer
How It Works
Community
CoH3 Stats
Reddit
Sign in to upload your games and track your stats! →
Sign in with Steam
Match 43854800
Unlisted
Match 43854800
Overview
Messages
Build Orders
End
Construct Weapon Support Center
M1919 Machine Gun Team
Bazooka Squad
M1919 Machine Gun Team
M1919 Machine Gun Team
Air Support Center
Scout Squad
Double Sortie
Scout Squad
Bazooka Squad
Improved M9 Bazooka Rockets
Grasshopper Recon Run
P-47 Dive Bomb
P-47 Strafing Run
Engineer Squad
Engineer Squad
Grasshopper Recon Run
P-47 Strafing Run
Selects Advanced Infantry Battlegroup
Selects Ammunition Storage
P-47 Dive Bomb
Selects M2A1 105mm Howitzer Emplacement
joker
[OldMetal]Mario
粉色上瘾
许聪聪
Zerg6412
Stubai
simranjitsingh713
São Leopoldo
0
0
Comments
sign in to comment!
No comments posted yet!